 Dungeon Crawl Stone Soup version 0.30-a0-711-gf4ac18a38d (webtiles) character file.

Game seed: 2314129008126902200

20533 bjtr the Geomancer (level 12, -9/76 HPs)
             Began as a Gargoyle Earth Elementalist on Jan 23, 2023.
             Was an Elder of Vehumet.
             Engulfed by a cloud of flame (44 damage)
             ... on level 14 of the Dungeon.
             The game lasted 01:39:55 (15800 turns).

bjtr the Geomancer (Gargoyle Earth Elementalist)   Turns: 15800, Time: 01:39:56

Health: -9/76      AC: 20    Str: 16    XL:     12   Next: 80%
Magic:  15/26      EV: 19    Int: 20    God:    Vehumet [****..]
Gold:   440        SH:  0    Dex: 24    Spells: 8/32 levels left

rFire   . . .      SeeInvis +    b - +7 arbalest "Pirineyt" {freeze, rElec rF- Str+3 Dex+8}
rCold   . . .      Faith    .    (shield currently unavailable)
rNeg    + . .      Spirit   .    B - +2 leather armour {rF+}
rPois   ∞          Reflect  .    P - +1 helmet {SInv}
rElec   +          Harm     .    W - scarf {repulsion}
rCorr   .          Rampage  .    E - +1 pair of gloves
Will    .....                    F - +0 pair of boots
Stlth   +++                      z - amulet of the acrobat
HPRegen 0.32/turn                e - +5 ring of evasion
MPRegen 0.20/turn                k - +6 ring of dexterity

@: repel missiles
A: sickness immunity, AC +8, negative energy resistance 1, electricity
resistance, torment resistance 1, petrification resistance
a: Renounce Religion


You were on level 14 of the Dungeon.
You worshipped Vehumet.
Vehumet was greatly pleased with you.
You visited 2 branches of the dungeon, and saw 15 of its levels.
You also visited: Sewer and Bailey.

You collected 956 gold pieces.
You spent 516 gold pieces at shops.

Inventory:

Hand Weapons
 a - a +4 war axe
 b - the +7 arbalest "Pirineyt" (weapon) {freeze, rElec rF- Str+3 Dex+8}
   (You found it on level 10 of the Dungeon)

   Str:       It affects your strength (+3).
   Dex:       It affects your dexterity (+8).
   rF:        It makes you vulnerable to fire.
   rElec:     It insulates you from electricity.
 i - a +0 scimitar
 p - a +3 sling
Missiles
 g - 3 boomerangs of dispersal
 s - 11 atropa-tipped darts
Armour
 B - a +2 leather armour of fire resistance (worn)
 E - a +1 pair of gloves (worn)
 F - a +0 pair of boots (worn)
 P - a +1 helmet of see invisible (worn)
 W - a scarf of repulsion (worn)
Jewellery
 d - a +6 ring of strength
 e - a +5 ring of evasion (left hand)
 k - a +6 ring of dexterity (right hand)
 l - a ring of protection from fire
 z - an amulet of the acrobat (around neck)
 I - a +5 ring of evasion
 J - a ring of protection from cold
 K - an amulet of guardian spirit
 Y - a +6 ring of strength
Wands
 f - a wand of flame (6)
 q - a wand of iceblast (13)
 Z - a wand of light (3)
Scrolls
 c - 5 scrolls of fog
 m - a scroll of amnesia
 o - 3 scrolls of identify
 v - 4 scrolls of poison
 x - 3 scrolls of blinking
 y - 2 scrolls of immolation
 C - 4 scrolls of teleportation
 Q - a scroll of silence
 T - 2 scrolls of fear
 V - a scroll of summoning
Potions
 h - 4 potions of heal wounds
 j - 3 potions of haste
 n - a potion of ambrosia
 w - 5 potions of flight
 G - 5 potions of curing
 L - 2 potions of brilliance
 N - a potion of might
 O - 3 potions of cancellation
 S - a potion of invisibility
Miscellaneous
 u - a phial of floods
 U - a piece from Xom's chessboard (15/15)


   Skills:
 + Level 9.5 Fighting
 + Level 6.6 Armour
 - Level 3.9 Dodging
 + Level 4.5 Stealth
 + Level 1.3 Shields
 * Level 10.7 Spellcasting
 + Level 3.4 Conjurations
 - Level 0.7 Transmutations
 + Level 3.2 Fire Magic
 * Level 13.3 Earth Magic
 + Level 4.5 Evocations


You had 8 spell levels left.
You knew the following spells:

 Your Spells              Type           Power      Damage    Failure   Level
a - Sandblast             Erth           100%       2d20      1%          1
b - Passwall              Tmut/Erth      31%        N/A       1%          2
c - Stone Arrow           Conj/Erth      88%        3d12      1%          3
d - Petrify               Tmut/Erth      38%        N/A       4%          4
e - Lee's Rapid Deconstr  Erth           29%        3d15*     1%          5
f - Searing Ray           Conj           48%        2d6       1%          2
g - Inner Flame           Hex/Fire       17%        N/A       3%          3
h - Iskenderun's Mystic   Conj/Tloc      17%        2d5       11%         4

Your spell library contained the following spells:

 Spells                   Type           Power      Damage    Failure   Level
 Flame Wave               Conj/Fire      24%        2d8       5%          4
 Magic Dart               Conj           96%        1d7       1%          1
 Dazzling Flash           Conj/Hex       34%        N/A       3%          3
 Kindle Blastsparks       Fire/Tloc/Air  30%        2d12      4%          3
 Mephitic Cloud           Conj/Pois/Air  15%        N/A       4%          3
 Beastly Appendage        Tmut           26%        N/A       6%          1
 Slow                     Hex            40%        N/A       8%          1
 Wereblood                Tmut           13%        N/A       9%          2
 Fulminant Prism          Conj/Hex       8%         3d7       11%         4
 Call Imp                 Summ           10%        N/A       12%         2
 Lesser Beckoning         Tloc           20%        N/A       12%         2
 Spider Form              Tmut/Pois      12%        N/A       21%         3
 Confusing Touch          Hex            10%        N/A       22%         3
 Gell's Gravitas          Tloc           10%        N/A       22%         3
 Teleport Other           Tloc           10%        N/A       22%         3
 Vampiric Draining        Necr           10%        2d6       22%         3
 Cause Fear               Hex            5%         N/A       58%         4
 Manifold Assault         Tloc           10%        N/A       58%         4
 Agony                    Necr           10%        N/A       91%         5
 Silence                  Hex/Air        5%         N/A       91%         5
 Dispersal                Tloc           5%         N/A       100%        6
 Discord                  Hex            5%         N/A       100%        8
 Disjunction              Tloc           5%         N/A       100%        8


Dungeon Overview and Level Annotations

Branches:
Dungeon (14/15)            Temple (1/1) D:6            Lair (0/5) D:9
    Orc (0/2) D:11          Sewer (visited)          Bailey (visited)
 Vaults: D:13-14

Altars:
Ashenzari
Cheibriados
Dithmenos
Elyvilon
Fedhas
Gozag
Hepliaklqana
Kikubaaqudgha
Makhleb
Nemelex Xobeh
Okawaru
Qazlal
Ru
Sif Muna
Trog
Uskayaw
Vehumet
Wu Jian
Xom
Yredelemnul
Zin
The Shining One

Shops:
D:1 *   D:2 (   D:11 [   D:14 :

Annotations:
D:4 2 transporters, Bediveer's ghost, amateur KoHu


Innate Abilities, Weirdness & Mutations

You are immune to sickness and miasma.
Your stone body is resilient. (AC +8)
You are immune to poison.
You resist negative energy. (rN+)
You are resistant to electric shocks. (rElec)
You are resistant to unholy torment.
You are immune to petrification.


Message History

Aiming: Inner Flame (dangerous; 3% risk of failure)
Press: ? - help, Dir - move target, f - kobold demonologist
Aim: a kobold demonologist, wielding a +0 dagger and wearing a +0 robe (wandering, hasn't noticed you, chance to affect: 54%)
The kobold demonologist shouts!
The kobold demonologist is filled with an inner flame.
Casting: Inner Flame (dangerous; 3% risk of failure)
Confirm with . or Enter, or press ? or * to list all spells.
Aiming: Lee's Rapid Deconstruction (mildly dangerous; 1% risk of failure)
Press: ? - help, Dir - move target, p - kobold demonologist A rock wall.
The wall shatters!
The blast of rock fragments hits the kobold demonologist but does no damage.
You hear a shout! x2
The kobold demonologist begins to cast a cantrip, but forgets the words!
Casting: Lee's Rapid Deconstruction (mildly dangerous; 1% risk of failure)
Confirm with . or Enter, or press ? or * to list all spells.
Aiming: Lee's Rapid Deconstruction (mildly dangerous; 1% risk of failure)
Press: ? - help, Dir - move target A rock wall.
The wall shatters!
The blast of rock fragments hits the kobold demonologist!
Flame seeps out of the kobold demonologist.
The kobold demonologist is moderately wounded.
You hear a shout!
The kobold demonologist is engulfed in blazing flames.
Flame seeps out of the kobold demonologist.
The kobold demonologist completely misses you.
Fire: b) +7 arbalest "Pirineyt" {freeze, rElec rF- Str+3 Dex+8}
Press: ? - help, Shift-Dir - straight line, f - kobold demonologist
Aim: a kobold demonologist, wielding a +0 dagger and wearing a +0 robe (flame, heavily wounded, inner flame, 63% to hit)
You shoot a bolt. The bolt hits the kobold demonologist!!
The bolt freezes the kobold demonologist!
Vehumet accepts your kill.
You feel your power returning.
The kobold demonologist explodes!
The fiery explosion engulfs you!!!
Ouch! That really hurt!
You are engulfed in blazing flames.
Ouch! That really hurt!
You die...

###...# .... #.
#....# .... #.
#....# #.
##...###### #.
#......... #.
+......... #§
#.........
##○########..####+##
#§§@.........#
#......#######
#......# #......#
#......# #......#
#......# #......'
#......#


There were no monsters in sight!

Vanquished Creatures
  Gastronok (D:8)
  A centaur warrior (D:13)
  A catoblepas (D:13)
  2 boulder beetles (D:13)
  4 two-headed ogres (D:11)
  2 tengu warriors
  2 orc knights (Bailey)
  2 deep elf pyromancers (D:12)
  An ugly thing (D:13)
  A cyclops (D:12)
  A manticore (D:13)
  A gargoyle (D:10)
  4 kobold demonologists
  An unseen horror (D:12)
  3 trolls
  3 meliai (D:13)
  2 hornets
  7 slime creatures
  A basilisk (D:11)
  5 yaks
  2 vampire mosquitoes (D:11)
  2 water moccasins
  4 acid dragons
  Duvessa (D:7)
  9 orc warriors
  2 black bears
  3 sky beasts
  A centaur (D:5)
  5 kobold brigands
  4 bullfrogs
  A scorpion (D:6)
  2 gnoll sergeants
  2 necrophages
  3 wights (D:9)
  Dowan (D:7)
  20 killer bees
  3 howler monkeys
  5 hounds
  10 orc priests
  An iguana (D:7)
  Ijyb (D:3)
  Natasha (thrice) (D:3)
  14 orc wizards
  A hell rat (Sewer)
  Robin (D:2)
  9 gnolls
  3 adders
  3 river rats
  3 white imps
  2 worms
  5 dart slugs
  45 orcs
  7 ball pythons
  A bat (D:2)
  2 endoplasms (D:4)
  5 giant cockroaches
  17 goblins
  10 hobgoblins
  4 quokkas
  6 frilled lizards
  26 kobolds
  13 rats
307 creatures vanquished.

Vanquished Creatures (collateral kills)
  A dart slug (D:4)
1 creature vanquished.

Vanquished Creatures (others)
  12 fungi (D:9)
  6 plants
18 creatures vanquished.

Grand Total: 326 creatures vanquished

Notes
Turn   | Place    | Note
-------+----------+-------------------------------------------
     0 | D:1      | bjtr the Gargoyle Earth Elementalist began the quest for
                  | the Orb.
     0 | D:1      | Reached XP level 1. HP: 10/10 MP: 3/3
    53 | D:1      | Found Qoam's Assorted Antiques.
   318 | D:1      | Reached skill level 4 in Earth Magic
   318 | D:1      | Reached XP level 2. HP: 15/15 MP: 3/5
   343 | D:1      | Learned a level 2 spell: Passwall
  1206 | D:2      | Reached XP level 3. HP: 20/20 MP: 0/6
  1331 | D:2      | Noticed Robin
  1337 | D:2      | Reached skill level 1 in Fighting
  1355 | D:2      | Killed Robin
  1356 | D:2      | Reached XP level 4. HP: 6/25 MP: 0/7
  1595 | D:2      | Found Fuarim's Weapon Boutique.
  1871 | D:2      | Reached skill level 5 in Earth Magic
  1982 | D:3      | Reached skill level 1 in Armour
  2060 | D:3      | Learned a level 3 spell: Stone Arrow
  2168 | D:3      | Noticed Ijyb
  2336 | D:3      | Reached XP level 5. HP: 28/29 MP: 8/8
  2412 | D:3      | Noticed Natasha
  2416 | D:3      | Killed Natasha
  2579 | D:3      | Killed Ijyb
  2818 | D:3      | Noticed Natasha
  2823 | D:3      | Killed Natasha
  2824 | D:3      | Reached skill level 1 in Shields
  3300 | D:3      | Noticed Natasha
  3309 | D:3      | Killed Natasha
  3398 | D:4      | Reached XP level 6. HP: 35/35 MP: 10/10
  3732 | D:4      | Found a glowing drain.
  3745 | D:4      | Reached skill level 6 in Earth Magic
  3752 | Sewer    | Entered a sewer
  4138 | D:4      | Found a transporter.
  4138 | D:4      | Noticed Bediveer's ghost (amateur KoHu)
  4171 | D:4      | Found a transporter.
  4265 | D:4      | Learned a level 4 spell: Petrify
  4266 | D:5      | Entered Level 5 of the Dungeon
  4666 | D:5      | Reached XP level 7. HP: 31/40 MP: 7/11
  5163 | D:6      | Found a staircase to the Ecumenical Temple.
  5179 | Temple   | Entered the Ecumenical Temple
  5179 | Temple   | Found a transporter.
  5179 | Temple   | Found a transporter.
  5181 | Temple   | Found a transporter.
  5181 | Temple   | Found a transporter.
  5206 | Temple   | Became a worshipper of Vehumet
  5356 | D:6      | Reached skill level 7 in Earth Magic
  5579 | D:6      | Reached skill level 1 in Evocations
  5692 | D:6      | Reached XP level 8. HP: 28/46 MP: 6/13
  5811 | D:6      | Found a hide-covered altar of Uskayaw.
  5811 | D:6      | Found a shadowy altar of Dithmenos.
  5812 | D:6      | Found an ornate altar of the Wu Jian Council.
  5987 | D:7      | Noticed Duvessa
  5987 | D:7      | Noticed Dowan
  5996 | D:7      | Killed Duvessa
  6000 | D:7      | Killed Dowan
  6001 | D:7      | Reached skill level 8 in Earth Magic
  6155 | D:7      | Found a flagged portal.
  6169 | Bailey   | Entered a bailey
  6200 | Bailey   | Reached skill level 5 in Spellcasting
  6209 | Bailey   | Reached * piety under Vehumet
  6209 | Bailey   | Offered knowledge of Shock by Vehumet.
  6626 | Bailey   | Noticed an orc knight
  6627 | Bailey   | Noticed an orc knight
  6634 | Bailey   | Identified the +1 crystal plate armour of the Fiend {rCorr
                  | Int+7 Dex+3 Slay-2}
  6818 | Bailey   | Identified the +5 tower shield "Lecrysew" {rElec rC+}
  6989 | Bailey   | Learned a level 5 spell: Lee's Rapid Deconstruction
  7007 | Bailey   | Killed an orc knight
  7008 | Bailey   | Reached XP level 9. HP: 52/52 MP: 2/17
  7015 | Bailey   | Killed an orc knight
  7016 | Bailey   | Reached skill level 1 in Conjurations
  7016 | Bailey   | Reached skill level 9 in Earth Magic
  7699 | D:7      | Offered knowledge of Searing Ray by Vehumet.
  7700 | D:7      | Reached ** piety under Vehumet
  7713 | D:7      | Learned a level 2 spell: Searing Ray
  7717 | D:7      | Learned a level 3 spell: Inner Flame
  8020 | D:7      | Reached skill level 5 in Fighting
  8020 | D:7      | Reached skill level 5 in Armour
  8617 | D:8      | Noticed Gastronok
  8669 | D:8      | Reached XP level 10. HP: 59/59 MP: 20/20
  8692 | D:8      | Reached skill level 10 in Earth Magic
  9113 | D:8      | Killed Gastronok
  9878 | D:9      | Found a staircase to the Lair.
  9971 | D:9      | Offered knowledge of Static Discharge by Vehumet.
 10276 | D:9      | Reached skill level 11 in Earth Magic
 10277 | D:9      | Reached *** piety under Vehumet
 10725 | D:9      | Learned a level 4 spell: Iskenderun's Mystic Blast
 10991 | D:10     | Entered Level 10 of the Dungeon
 10994 | D:10     | Reached XP level 11. HP: 64/64 MP: 15/22
 11317 | D:10     | Identified the +7 arbalest "Pirineyt" {freeze, rElec rF-
                  | Str+3 Dex+8}
 11635 | D:10     | Offered knowledge of Hailstorm by Vehumet.
 12094 | D:11     | Noticed a two-headed ogre
 12107 | D:11     | Killed a two-headed ogre
 12107 | D:11     | Reached **** piety under Vehumet
 12161 | D:11     | Found Kedibaec's Armour Shoppe.
 12166 | D:11     | Bought a +1 helmet of see invisible for 264 gold pieces
 12181 | D:11     | Noticed a two-headed ogre
 12185 | D:11     | Killed a two-headed ogre
 12207 | D:11     | Found a staircase to the Orcish Mines.
 12304 | D:11     | Noticed a two-headed ogre
 12310 | D:11     | Killed a two-headed ogre
 12310 | D:11     | Offered knowledge of Flame Wave by Vehumet.
 12434 | D:11     | Noticed a two-headed ogre
 12734 | D:12     | Noticed a cyclops
 12741 | D:12     | Killed a cyclops
 12745 | D:12     | Noticed a deep elf pyromancer
 12750 | D:12     | Killed a deep elf pyromancer
 12751 | D:12     | Reached skill level 12 in Earth Magic
 13052 | D:11     | Killed a two-headed ogre
 13148 | D:12     | Noticed a deep elf pyromancer
 13153 | D:12     | Noticed a cyan ugly thing
 13156 | D:12     | Noticed a tengu warrior
 13172 | D:13     | Noticed a boulder beetle
 13493 | D:14     | Found Mareadot's Book Boutique.
 13510 | D:14     | Bought a book of Minor Magic for 252 gold pieces
 13574 | D:13     | Killed a boulder beetle
 13575 | D:13     | Reached XP level 12. HP: 71/75 MP: 25/25
 13645 | D:13     | Noticed a catoblepas
 13655 | D:13     | Killed a catoblepas
 14067 | D:13     | Reached skill level 1 in Fire Magic
 14121 | D:13     | Noticed a tengu warrior
 14126 | D:13     | Killed a tengu warrior
 14127 | D:13     | Reached skill level 10 in Spellcasting
 14514 | D:13     | Noticed a boulder beetle
 14531 | D:13     | Noticed a centaur warrior
 14539 | D:13     | Killed a centaur warrior
 14540 | D:13     | Reached skill level 13 in Earth Magic
 14542 | D:13     | Killed a boulder beetle
 15156 | D:12     | Killed a tengu warrior
 15800 | D:14     | Engulfed by a cloud of flame

Illustrated notes

Levels and vault maps discovered:
D:1:      enne_arrival_octagon_isle, layout_loops_corners, serial_shops, shop
D:2:      layout_basic, serial_shops, nicolae_shop_bloodbath_and_beyond,
          uniq_robin
D:3:      layout_basic, uniq_ijyb, uniq_natasha
D:4:      layout_basic, portal_sewer_entry_a, gammafunk_ghost_stat_death
D:5:      layout_basic, kennysheep_cross_room
D:6:      layout_rooms, minitemple, temple_statues
D:7:      layout_loops_corners, enter_bailey_7, uniq_duvessa
D:8:      layout_basic, uniq_gastronok
D:9:      layout_grid_maze, grunt_lair_entry_orc_guard_hut
D:10:     layout_loops_cross, hangedman_decor_growths
D:11:     layout_cave_pools, orc_0_dummy, serial_shops, kennysheep_little_box
D:12:     layout_rooms
D:13:     wad_cavern_with_rooms, layout_loops_corners
D:14:     layout_irregular_city, david_vaults_1, serial_shops,
          nicolae_diamond_shop, nrook_mini_backslash, minivault_1,
          nicolae_take_the_stairs
Temple:   hellmonk_temple_divided_pantheon

Skill      XL: |  1  2  3  4  5  6  7  8  9 10 11 12 |
---------------+-------------------------------------+-----
Earth Magic    | 4 5 6 7 8 9 11 12 13 | 13.3
Fighting       | 1 2 3 4 5 6 8 9 |  9.5
Armour         | 1 2 3 4 5 6 |  6.6
Shields        | 1 |  1.3
Spellcasting   | 3 5 6 7 9 10 | 10.7
Stealth        | 3 4 |  4.5
Evocations     | 1 2 3 4 |  4.5
Dodging        | 2 3 |  3.9
Conjurations   | 1 2 3 |  3.4
Fire Magic     | 3 |  3.2
Transmutations | |  0.7

Action                     |  1- 3 |  4- 6 |  7- 9 | 10-12 || total
---------------------------+-------+-------+-------+-------++-------
  Melee: Hand axe          |    19 |    79 |       |       ||    98
         Unarmed           |       |     9 |       |       ||     9
         Falchion          |       |       |    15 |       ||    15
         War axe           |       |       |   101 |   136 ||   237
         Punch             |       |       |     1 |     4 ||     5
         Great sword       |       |       |       |     2 ||     2
   Fire: Sling             |       |       |    40 |    14 ||    54
         Arbalest          |       |       |       |   192 ||   192
  Throw: Dart              |     6 |       |    21 |     1 ||    28
   Cast: Sandblast         |    38 |    85 |    93 |    28 ||   244
         Stone Arrow       |       |       |    39 |    36 ||    75
         Lee's Rapid Decon |       |       |     1 |    20 ||    21
         Inner Flame       |       |       |       |    22 ||    22
         Passwall          |       |       |       |     2 ||     2
         Petrify           |       |       |       |     1 ||     1
         Searing Ray       |       |       |       |     1 ||     1
    Use: Scroll            |       |    14 |     8 |     9 ||    31
         Potion            |       |     1 |       |     2 ||     3
   Stab: Sleeping          |     1 |     1 |     1 |       ||     3
         Confused          |       |     2 |       |       ||     2
 Armour: Robe              |     5 |    17 |       |       ||    22
         Leather armour    |       |    33 |   112 |   202 ||   347
  Dodge: Dodged            |    14 |    89 |   232 |   636 ||   971
         Repelled          |       |       |       |     3 ||     3

Table legend: (Time is in decaauts)
 A = Elapsed time spent in this place.
 B = Non-inter-level travel time spent in this place.
 C = Inter-level travel time spent in this place.
 D = Time resting spent in this place.
 E = Time spent auto-exploring this place.
 F = Levels seen in this place.
 G = Mean time per level.
                   A        B        C        D        E       F      G
               +--------+--------+--------+--------+--------+-----+--------+
         Total |  16299 |  15375 |    924 |   3347 |   7802 |  17 |  958.8 |
       Dungeon |  14684 |  13765 |    919 |   2721 |   7624 |  14 | 1048.9 |
        Temple |     70 |     65 |      5 |      0 |      6 |   1 |   70.0 |
         Sewer |    249 |    249 |      0 |     86 |     37 |   1 |  249.0 |
        Bailey |   1294 |   1294 |      0 |    540 |    134 |   1 | 1294.0 |
               +--------+--------+--------+--------+--------+-----+--------+

Top non-repeatable levels by time:
     D:3: 1441 daAuts
     D:8: 1336 daAuts
     D:7: 1332 daAuts
     D:9: 1307 daAuts
  Bailey: 1294 daAuts
    D:13: 1276 daAuts
    D:11: 1088 daAuts
     D:1: 994 daAuts
     D:2: 974 daAuts
    D:10: 970 daAuts
    D:12: 951 daAuts
     D:6: 922 daAuts
     D:5: 843 daAuts
     D:4: 703 daAuts
    D:14: 540 daAuts
